[Event "Late-Titled-Tuesday-Blitz-April-16-2024"]
[Site "Chess.com"]
[Date "2024.04.16"]
[Round "10"]
[White "Eloist"]
[Black "esrosenberg"]
[Result "1-0"]
[WhiteElo "2456"]
[BlackElo "2331"]
[TimeControl "180+1"]
[EndTime "15:48:24 PDT"]
[Termination "Eloist won by resignation"]

1. e4 c5 2. Nf3 e6 3. d4 cxd4 4. Nxd4 Nf6 5. Nc3 Nc6 6. Nxc6 bxc6 7. e5 Nd5 8. Ne4 Qc7 9. f4 Qb6 10. c4 Bb4+ 11. Ke2 Ba6 12. Kf3 f5 13. exf6 Nxf6 14. c5 Qb7 15. Nd6+ 1-0

[Event "Late-Titled-Tuesday-Blitz-April-16-2024"]
[Site "Chess.com"]
[Date "2024.04.16"]
[Round "10"]
[White "LiemLe"]
[Black "stollenmonster"]
[Result "1-0"]
[WhiteElo "3056"]
[BlackElo "2889"]
[TimeControl "180+1"]
[EndTime "15:50:13 PDT"]
[Termination "LiemLe won by resignation"]

1. Nf3 Nf6 2. c4 e6 3. Nc3 d5 4. e3 Be7 5. b3 O-O 6. Bb2 b6 7. cxd5 Nxd5 8. Nxd5 Qxd5 9. Bc4 Qd8 10. h4 h6 11. Ne5 Bb7 12. Ng4 Kh7 13. Qc2+ Kg8 14.
Rh3 Bxh4 15. O-O-O Bxg2 16. Nxh6+ gxh6 17. Rg1 Qg5 18. Rxh4 1-0

[Event "Late-Titled-Tuesday-Blitz-April-16-2024"]
[Site "Chess.com"]
[Date "2024.04.16"]
[Round "10"]
[White "ccccvhhhj"]
[Black "Rutricks"]
[Result "0-1"]
[WhiteElo "2445"]
[BlackElo "2658"]
[TimeControl "180+1"]
[EndTime "15:50:22 PDT"]
[Termination "Rutricks won by resignation"]

1. e4 g6 2. d4 Bg7 3. Nc3 c6 4. f3 d5 5. e5 Bf8 6. Be3 Bg7 7.
Qd2 f6 8. f4 Nh6 9. h3 O-O 10.
O-O-O Nf5 11. Bf2 fxe5 12. fxe5 Bh6 13. Nf3 e6 14. Kb1 Bxd2 15. Rxd2 c5 16. dxc5 Nc6 17. Bb5 Bd7 18. g4 Nfe7 19. Ng5 Nxe5 20. Bg3 Nf3 21.
Nxf3 Rxf3 22. Be5 Bxb5 23. Nxb5 Nc6 24. Bd6 Qf6 25. a3 Rf1+ 26. Rd1 Rxh1 27. Rxh1 Qf3 28. Re1 e5 29. Nc7 Rd8 30. Rd1 Qxd1+ 0-1

[Event "Late-Titled-Tuesday-Blitz-April-16-2024"]
[Site "Chess.com"]
[Date "2024.04.16"]
[Round "10"]
[White "GlavkonVVS"]
[Black "AlainBruxelles"]
[Result "1-0"]
[WhiteElo "2613"]
[BlackElo "2388"]
[TimeControl "180+1"]
[EndTime "15:50:45 PDT"]
[Termination "GlavkonVVS won by resignation"]

1. c4 c5 2. g3 Nc6 3. Bg2 Nf6 4. Nc3 e6 5. Nf3 d5 6. O-O d4 7. Na4 Be7 8. d3 O-O 9. e3 Bd7 10. exd4 cxd4 11. Re1 a5 12. Qb3 Nb4 13. Ne5 Rb8 14.
a3 Na6 15. Nxd7 Qxd7 16. Bf4 Nc5 17. Nxc5 Bxc5 18. Bxb8 Rxb8 19. Qb5 Qc7 20. b4 axb4 21. axb4 Bf8 22. Ra7 h6 23. Rxb7 1-0

[Event "Late-Titled-Tuesday-Blitz-April-16-2024"]
[Site "Chess.com"]
[Date "2024.04.16"]
[Round "10"]
[White "Shankland"]
[Black "Guriempire"]
[Result "1-0"]
[WhiteElo "2928"]
[BlackElo "2858"]
[TimeControl "180+1"]
[EndTime "15:51:08 PDT"]
[Termination "Shankland won by resignation"]

1. d4 Nf6 2. c4 e6 3. Nc3 Bb4 4.
Qc2 O-O 5. a3 Bxc3+ 6. Qxc3 d5 7.
Nf3 dxc4 8. Qxc4 b6 9. Bg5 Ba6 10. Qc1 h6 11. Bh4 c5 12. e4 Bxf1 13. Kxf1 e5 14.
Nxe5 Qxd4 15. Bxf6 gxf6 16. Ng4 Rd8 17. Nxh6+ Kf8 18. Nf5 Qd3+ 19. Kg1 Qxe4 20. Qh6+ Ke8 21. Qh8+ Kd7 22. Rd1+ Kc6 23. Qxd8 Qxf5 24. h4 Kb7 25. h5 Nc6 26. Qd7+ 1-0

[Event "Late-Titled-Tuesday-Blitz-April-16-2024"]
[Site "Chess.com"]
[Date "2024.04.16"]
[Round "10"]
[White "jaskol95"]
[Black "ChessSwole"]
[Result "0-1"]
[WhiteElo "2552"]
[BlackElo "2683"]
[TimeControl "180+1"]
[EndTime "15:51:22 PDT"]
[Termination "ChessSwole won by checkmate"]

1. e4 e5 2. Nc3 Nf6 3. d4 exd4 4.
Qxd4 Nc6 5. Qd3 Bc5 6. Bf4 O-O 7. O-O-O Ng4 8. Nh3 Nxf2 9. Nxf2 Bxf2 10. h4 d6 11. h5 h6 12. Be2 Bd4 13. Nd5 Be5 14. g3 Be6 15. Rdf1 a5 16. g4 Nb4 17. Qg3 Bxd5 18. exd5 Bxf4+ 19. Qxf4 Nxd5 20. Qe4 Qg5+ 21. Kb1 Rae8 22.
Qf3 Re3 23. Qf2 Nf6 24. Rhg1 Ne4 25. Qg2 Nd2+ 26. Ka1 Nxf1 27. Rxf1 Rfe8 28. Rf2 Rxe2 29. Rxe2 Qc1# 0-1

[Event "Late-Titled-Tuesday-Blitz-April-16-2024"]
[Site "Chess.com"]
[Date "2024.04.16"]
[Round "10"]
[White "duone"]
[Black "wild3000"]
[Result "0-1"]
[WhiteElo "2333"]
[BlackElo "2493"]
[TimeControl "180+1"]
[EndTime "15:51:24 PDT"]
[Termination "wild3000 won by resignation"]

1. Nf3 a5 2. e4 e6 3. d4 a4 4. a3 d5 5. e5 c5 6. Nc3 Nc6 7. Bb5 Ne7 8. Nxa4 cxd4 9. Nxd4 Bd7 10. Nc3 Nxe5 11. O-O Bxb5 12. Ncxb5 N7c6 13. Bf4 Be7 14. Re1 Bf6 15. Nxc6 bxc6 16. Nd4 Nc4 17. Nxc6 Qd7 18. Ne5 Nxe5 19. Bxe5 Bxe5 20. Rxe5 O-O 21. Qe2 Qc6 22. Re1 Rfb8 23. c3 g6 24. Re3 Ra4 25. Rh3 Re4 26. Qd2 Rxe1+ 27. Qxe1 Rxb2 28. g3 Qb7 29. Qe5 Rb1+ 30. Kg2 d4+ 31. f3 Qb2+ 0-1

[Event "Late-Titled-Tuesday-Blitz-April-16-2024"]
[Site "Chess.com"]
[Date "2024.04.16"]
[Round "10"]
[White "rajesh1464"]
[Black "Lady_Nika"]
[Result "1-0"]
[WhiteElo "2407"]
[BlackElo "2468"]
[TimeControl "180+1"]
[EndTime "15:51:25 PDT"]
[Termination "rajesh1464 won by resignation"]

1. d4 d5 2. c4 e6 3. Nc3 f5 4. Nf3 Nf6 5. Bf4 c6 6. e3 Bd6 7.
Bxd6 Qxd6 8. c5 Qe7 9. Ne5 Nbd7 10. f4 Nxe5 11. fxe5 Ne4 12. Nxe4 fxe4 13. Qh5+ g6 14. Qh6 Bd7 15. Be2 Rf8 16. Kd2 O-O-O 17. Rhf1 b6 18. b4 a5 19. a3 axb4 20. axb4 Rxf1 21. Bxf1 Kb7 22. Ba6+ Kc7 23. Be2 Kb7 24. h4 b5 25.
Qg5 Qe8 26. Qf6 Ra8 27. Rxa8 Qxa8 28. Qe7 Qa2+ 29. Ke1 Qb1+ 30. Kf2 Kc8 31. Qf8+ Kb7 32.
Qd8 Bc8 33. Qb6+ Ka8 34. Qxc6+ Kb8 35. Qb6+ Ka8 36. Bxb5 Qb2+ 37. Kg3 Bb7 38. c6 Bc8 39. c7 Bb7 40. Bc6 1-0

[Event "Late-Titled-Tuesday-Blitz-April-16-2024"]
[Site "Chess.com"]
[Date "2024.04.16"]
[Round "10"]
[White "BardArtem"]
[Black "djano"]
[Result "1-0"]
[WhiteElo "2824"]
[BlackElo "2617"]
[TimeControl "180+1"]
[EndTime "15:51:27 PDT"]
[Termination "BardArtem won by resignation"]

1. e4 c5 2. Nf3 a6 3. c3 d5 4. exd5 Qxd5 5. d4 g6 6. Be3 cxd4 7. cxd4 Bg7 8. Nc3 Qd6 9. Bc4 Nf6 10. O-O O-O 11.
Rc1 b5 12. Bb3 Bb7 13. Ne5 Nd5 14. Qf3 Nxc3 15. Qxb7 Ne2+ 16. Kh1 Nxc1 17. Rxc1 Bxe5 18. dxe5 Qxe5 19. Qxa8 Qxb2 20. Qb7 Rd8 21. h3 Nd7 22. Rc8 Qa1+ 23. Kh2 Rxc8 24. Qxc8+ Nf8 25. Bh6 Qe5+ 26. f4 1-0

[Event "Late-Titled-Tuesday-Blitz-April-16-2024"]
[Site "Chess.com"]
[Date "2024.04.16"]
[Round "10"]
[White "shirovin"]
[Black "maurovargas01"]
[Result "1-0"]
[WhiteElo "2039"]
[BlackElo "1887"]
[TimeControl "180+1"]
[EndTime "15:51:48 PDT"]
[Termination "shirovin won by checkmate"]

1. b3 e5 2. Bb2 Nc6 3. e3 d6 4. Bb5 Bd7 5. Nf3 f5 6. d3 Nf6 7. Nbd2 g6 8. O-O Bg7 9. d4 e4 10. Ng5 h6 11. Nh3 g5 12. d5 Ne5 13.
Bxd7+ Nexd7 14. f3 exf3 15. Qxf3 g4 16. Qxf5 gxh3 17.
Qg6+ Kf8 18. Ne4 Ne5 19. Bxe5 dxe5 20. Nxf6 Rg8 21. Nh5+ Ke7 22. Rf7+ Ke8 23. Rxg7+ Kf8 24. Qf7# 1-0

[Event "Late-Titled-Tuesday-Blitz-April-16-2024"]
[Site "Chess.com"]
[Date "2024.04.16"]
[Round "10"]
[White "Hasangatin_Ramil"]
[Black "SilverCityIndigo"]
[Result "1-0"]
[WhiteElo "2651"]
[BlackElo "2441"]
[TimeControl "180+1"]
[EndTime "15:51:50 PDT"]
[Termination "Hasangatin_Ramil won by resignation"]

1. e4 Na6 2. Nf3 c6 3. d4 Nc7 4. c3 d5 5. Nbd2 dxe4 6. Nxe4 Nf6 7. Nxf6+ exf6 8. Bd3 Bd6 9. O-O O-O 10. Re1 h5 11. h3 Nd5 12. Bd2 Nf4 13. Bxf4 Bxf4 14.
Qe2 Qd6 15. Qe7 Be6 16. Qxd6 Bxd6 17. Nh4 g6 18. Nxg6 Rfe8 19. Nh4 Bxa2 20. Rxe8+ Rxe8 21.
Rxa2 Re1+ 22. Bf1 a6 23. g3 Rc1 24. Kg2 Bf8 25. Bd3 Rd1 26. Be4 Rd2 27. Nf3 Re2 28. Bd3 Re8 29. Ra1 Bh6 30. Re1 Rb8 31. Nh4 a5 32.
Nf5 Bd2 33. Re2 Bc1 34. Rc2 1-0

[Event "Late-Titled-Tuesday-Blitz-April-16-2024"]
[Site "Chess.com"]
[Date "2024.04.16"]
[Round "10"]
[White "a-z30"]
[Black "Giantgoogachess"]
[Result "1-0"]
[WhiteElo "2384"]
[BlackElo "2291"]
[TimeControl "180+1"]
[EndTime "15:51:52 PDT"]
[Termination "a-z30 won by resignation"]

1. c4 Nf6 2. Nc3 g6 3. e4 d6 4. d4 Bg7 5. Nf3 O-O 6. Be2 e5 7. O-O Bg4 8. Be3 Bxf3 9. Bxf3 exd4 10. Bxd4 Nc6 11. Be3 Nd7 12. Qd2 Bxc3 13. Qxc3 Qf6 14. Qd2 Rfe8 15. Bg5 Qe6 16. Rac1 Nde5 17. Be2 a5 18. f3 b6 19. Rfe1 Nd7 20. Qd5 Nb4 21.
Qxe6 fxe6 22. a3 Nc6 23. b3 Nc5 24. Rb1 e5 25. Be3 Kf7 26. b4 axb4 27. axb4 Ne6 28. c5 Ncd4 29. cxb6 cxb6 30. Bc4 Rec8 31. Bd5 Ra2 32.
Bxd4 exd4 33. Bxa2 1-0

[Event "Late-Titled-Tuesday-Blitz-April-16-2024"]
[Site "Chess.com"]
[Date "2024.04.16"]
[Round "10"]
[White "Misterfox120"]
[Black "Rawnsdale"]
[Result "1-0"]
[WhiteElo "2414"]
[BlackElo "2482"]
[TimeControl "180+1"]
[EndTime "15:51:57 PDT"]
[Termination "Misterfox120 won by checkmate"]

1. d4 d5 2. Nc3 Nf6 3. Bf4 a6 4.
e3 Bf5 5. Nf3 e6 6. Ne5 Nbd7 7.
g4 Bg6 8. h4 h5 9. Nxg6 fxg6 10.
Bd3 Kf7 11. g5 Nh7 12. Qf3 Kg8 13. Bxg6 Bb4 14. Bd6 Bxc3+ 15. bxc3 Ndf6 16. gxf6 Qxd6 17. fxg7 Kxg7 18. Rg1 Raf8 19. Bf7+ Kh6 20. Rg6# 1-0

[Event "Late-Titled-Tuesday-Blitz-April-16-2024"]
[Site "Chess.com"]
[Date "2024.04.16"]
[Round "10"]
[White "mishanick"]
[Black "Gabrielian_Artur"]
[Result "1-0"]
[WhiteElo "3045"]
[BlackElo "2805"]
[TimeControl "180+1"]
[EndTime "15:52:02 PDT"]
[Termination "mishanick won by resignation"]

1. d4 Nf6 2. c4 g6 3. Nc3 Bg7 4. e4 d6 5. Bd3 O-O 6. Nge2 c5 7.
d5 e6 8. Bg5 exd5 9. Nxd5 Nbd7 10. O-O h6 11. Bh4 Nb6 12. Nec3 Nbxd5 13. Nxd5 Be6 14.
Ne3 Qb6 15. Rb1 Rfe8 16. f4 Bd7 17. Qf3 Bc6 18. Nd5 Bxd5 19. cxd5 c4+ 20. Bf2 Qa6 21.
Bc2 Qxa2 22. e5 dxe5 23. fxe5 Nd7 24. Bd4 Nxe5 25. Bxe5 Bxe5 26. Qxf7+ Kh8 27. Qxg6 Re7 28. Qxh6+ Kg8 29. d6 Rg7 30. Qe6+ Kh8 31. Qxe5 1-0

[Event "Late-Titled-Tuesday-Blitz-April-16-2024"]
[Site "Chess.com"]
[Date "2024.04.16"]
[Round "10"]
[White "GAO"]
[Black "Lupul_Cenusiu"]
[Result "0-1"]
[WhiteElo "2320"]
[BlackElo "2677"]
[TimeControl "180+1"]
[EndTime "15:52:02 PDT"]
[Termination "Lupul_Cenusiu won by resignation"]

1. e4 c5 2. Nf3 Nc6 3. Bb5 g6 4. O-O Bg7 5. Re1 Nd4 6. Bf1 d6 7. c3 Nxf3+ 8. Qxf3 Nf6 9. h3 Nd7 10. d3 O-O 11. Bf4 b5 12. a4 Qb6 13. axb5 Qxb5 14.
Ra2 Qb3 15. Ra1 Qxb2 16. Na3 Qxc3 17. Nc4 Bb7 18. Rab1 Bc6 19. Rec1 Qd4 20. Na5 Rfc8 21. Nxc6 Rxc6 22. Rb7 Ne5 23. Qg3 a5 24. Rxe7 a4 25. Be3 Qb2 26. d4 cxd4 27. Bf4 Rxc1 28. Bxc1 Qxc1 29.
Qa3 Qxa3 0-1

[Event "Late-Titled-Tuesday-Blitz-April-16-2024"]
[Site "Chess.com"]
[Date "2024.04.16"]
[Round "10"]
[White "KaydenTroffChess"]
[Black "Tolyanius"]
[Result "1-0"]
[WhiteElo "2860"]
[BlackElo "2645"]
[TimeControl "180+1"]
[EndTime "15:52:05 PDT"]
[Termination "KaydenTroffChess won by resignation"]

1. d4 Nf6 2. Nf3 c5 3. dxc5 Na6 4. Be3 e6 5. g3 Nxc5 6. Bg2 d5 7. O-O Bd6 8. c4 O-O 9. Nc3 dxc4 10. Nd2 Ng4 11. Nxc4 Nxe3 12. Nxe3 Be7 13. b4 Na6 14. a3 Bf6 15. Qb3 Nc7 16. Rfd1 Qe7 17. Rac1 a5 18. b5 Bxc3 19. Rxc3 a4 20. Qb2 Ra5 21. Rdc1 Rxb5 22.
Qc2 Na6 23. Rxc8 Qxa3 24. Rxf8+ Qxf8 25. Qxa4 Qb4 26. Qxb5 1-0

[Event "Late-Titled-Tuesday-Blitz-April-16-2024"]
[Site "Chess.com"]
[Date "2024.04.16"]
[Round "10"]
[White "lamomiajunior"]
[Black "Sanan_Sjugirov"]
[Result "0-1"]
[WhiteElo "2734"]
[BlackElo "3000"]
[TimeControl "180+1"]
[EndTime "15:52:14 PDT"]
[Termination "Sanan_Sjugirov won by resignation"]

1. d4 Nf6 2. Nc3 d5 3. Bf4 a6 4. e3 b5 5. h4 e6 6. g4 c5 7. g5 Nfd7 8. Bg2 Nc6 9. Nf3 Bb7 10. h5 b4 11. Ne2 Qb6 12. Ng3 Be7 13. c3 a5 14. O-O g6 15. h6 O-O 16. Re1 Rfe8 17. e4 dxe4 18. Nxe4 cxd4 19. cxd4 Qb5 20. Nd6 Bxd6 21.
Bxd6 Qf5 22. Rc1 Rac8 23. Qd2 Red8 24. Nh4 Qb5 25. Qf4 Ba8 26. Rc5 Qd3 27. Rec1 Nxc5 28.
Qf6 Qxd4 0-1

[Event "Late-Titled-Tuesday-Blitz-April-16-2024"]
[Site "Chess.com"]
[Date "2024.04.16"]
[Round "10"]
[White "AradNazari"]
[Black "SpeedofLight0"]
[Result "0-1"]
[WhiteElo "2728"]
[BlackElo "3034"]
[TimeControl "180+1"]
[EndTime "15:52:20 PDT"]
[Termination "SpeedofLight0 won by checkmate"]

1. e4 Nc6 2. d4 d5 3. e5 Bf5 4. f4 e6 5. c3 h5 6. Nf3 h4 7. h3 Nge7 8. Be2 Be4 9. Nbd2 Nf5 10. Nxe4 dxe4 11. Ng5 Ng3 12. Rg1 Be7 13. Qb3 Qd5 14. Bc4 Qd7 15. Qxb7 Rb8 16. Qa6 Nxd4 17. cxd4 Qxd4 18.
Qc6+ Kf8 19. a3 Rd8 20. Rf1 Bc5 21. Bd2 Qxd2# 0-1

[Event "Late-Titled-Tuesday-Blitz-April-16-2024"]
[Site "Chess.com"]
[Date "2024.04.16"]
[Round "10"]
[White "Veleamater"]
[Black "carlsenCamacho"]
[Result "1-0"]
[WhiteElo "2426"]
[BlackElo "2290"]
[TimeControl "180+1"]
[EndTime "15:52:22 PDT"]
[Termination "Veleamater won by resignation"]

1. g3 Nf6 2. Bg2 d6 3. e4 e5 4. Nc3 Be6 5. h3 Qd7 6. Nf3 Nc6 7. Ng5 O-O-O 8. Nxe6 Qxe6 9. d3 Kb8 10. O-O h5 11. f4 exf4 12. gxf4 Nd4 13. Be3 Nc6 14. d4 Qd7 15. d5 Ne7 16. Qd4 Nc8 17. a4 h4 18.
a5 Nh5 19. Ra3 Ng3 20. Re1 f5 21. e5 dxe5 22. fxe5 Bxa3 23. bxa3 g5 24. Bxg5 Rdg8 25. e6 Qd6 26. Bf4 Qxa3 27. Nb5 Rh7 28. Nxa3 a6 29.
Nc4 Rhg7 30. d6 cxd6 31. Nxd6 Nxd6 32. Qxd6+ Ka8 33. e7 Ne4 34. Qd8+ Ka7 35. Be3+ 1-0

[Event "Late-Titled-Tuesday-Blitz-April-16-2024"]
[Site "Chess.com"]
[Date "2024.04.16"]
[Round "10"]
[White "Ramil_Faizrakhmanov"]
[Black "ozates"]
[Result "1-0"]
[WhiteElo "2866"]
[BlackElo "2548"]
[TimeControl "180+1"]
[EndTime "15:52:30 PDT"]
[Termination "Ramil_Faizrakhmanov won by resignation"]

1. d4 d6 2. Nf3 Bg4 3. c4 Bxf3 4. exf3 e5 5. Nc3 Nd7 6. g3 g6 7. Bg2 Bg7 8. dxe5 Nxe5 9. f4 Nc6 10. O-O Nge7 11.
Qd2 O-O 12. b3 Re8 13. Bb2 Nf5 14. Rfe1 Qf6 15. Rab1 Qd4 16. Qxd4 Bxd4 17. Be4 Nh6 18. Kg2 Ng4 19. Nd5 Bxb2 20. Rxb2 f5 21. h3 Rxe4 22. Rxe4 fxe4 23. hxg4 Kf7 24. Re2 Ne7 25. Nxc7 Rc8 26.
Nb5 Rc6 27. Rxe4 d5 28. Rd4 a6 29. cxd5 Rc2 30. Nd6+ Kf8 31. Nxb7 Rxa2 32. d6 Nc6 33.
Rc4 1-0

[Event "Late-Titled-Tuesday-Blitz-April-16-2024"]
[Site "Chess.com"]
[Date "2024.04.16"]
[Round "10"]
[White "Kostukov_Alex"]
[Black "dosto07"]
[Result "0-1"]
[WhiteElo "2335"]
[BlackElo "2514"]
[TimeControl "180+1"]
[EndTime "15:52:32 PDT"]
[Termination "dosto07 won by resignation"]

1. g3 d5 2. Bg2 Nf6 3. d3 g6 4. e4 dxe4 5. dxe4 Qxd1+ 6. Kxd1 Nc6 7. f3 h5 8. h4 Be6 9. Be3 O-O-O+ 10. Nd2 Ne5 11. Ke2 Nc4 12. Nxc4 Bxc4+ 13. Kf2 e5 14. b3 Be6 15. Bh3 Bxh3 16. Nxh3 Nd7 17. Ng5 Re8 18. Nxf7 Rg8 19. Ng5 Bc5 20. Rhd1 Bxe3+ 21. Kxe3 Rgf8 22.
Rd5 Rf6 23. Rad1 Re7 24. f4 b6 25. Nf3 exf4+ 26. gxf4 Nc5 27. e5 Rf8 28. Ng5 a5 29. a4 Kb7 30. Rg1 Kc6 31. Ne4 Kxd5 32. Rxg6 Nxe4 33.
c4+ Kc5 34. Kxe4 Ref7 0-1

[Event "Late-Titled-Tuesday-Blitz-April-16-2024"]
[Site "Chess.com"]
[Date "2024.04.16"]
[Round "10"]
[White "Durarbayli"]
[Black "Oleksandr_Bortnyk"]
[Result "1-0"]
[WhiteElo "2916"]
[BlackElo "3051"]
[TimeControl "180+1"]
[EndTime "15:52:33 PDT"]
[Termination "Durarbayli won by resignation"]

1. e4 Nf6 2. e5 Nd5 3. d4 d6 4. c4 Nb6 5. exd6 exd6 6. Nc3 Be7 7. Bd3 O-O 8. Nge2 c6 9. Qc2 g6 10. h4 Na6 11. a3 Bxh4 12. Qd2 h5 13. Qh6 Re8 14.
Bxg6 Qf6 15. Bh7+ Kh8 16. Qxh5 Qxf2+ 17. Kd1 Bg4 18. Qxg4 Nxc4 19. Bd3 1-0

[Event "Late-Titled-Tuesday-Blitz-April-16-2024"]
[Site "Chess.com"]
[Date "2024.04.16"]
[Round "10"]
[White "Nimrod_Veinberg"]
[Black "GM_dmitrij"]
[Result "1-0"]
[WhiteElo "2766"]
[BlackElo "2972"]
[TimeControl "180+1"]
[EndTime "15:52:45 PDT"]
[Termination "Nimrod_Veinberg won by checkmate"]

1. e4 e6 2. d4 d5 3. Nc3 Bb4 4. e5 c5 5. Bd2 Ne7 6. a3 Bxc3 7. Bxc3 Nbc6 8. Nf3 cxd4 9. Bxd4 O-O 10. Bc3 Ng6 11.
Bd3 Bd7 12. O-O Nf4 13. Re1 Rc8 14. g3 Nxd3 15. Qxd3 Qb6 16. Ng5 g6 17. Rad1 Rfd8 18. Qf3 Be8 19. Qf4 d4 20. Ne4 Qc7 21. Nf6+ Kf8 22.
Qh6+ Ke7 23. Nxh7 Qb6 24. Qf8+ Kd7 25. Qd6# 1-0

[Event "Late-Titled-Tuesday-Blitz-April-16-2024"]
[Site "Chess.com"]
[Date "2024.04.16"]
[Round "10"]
[White "BabageldiAnnaberdiyev"]
[Black "Chempiblinka"]
[Result "1-0"]
[WhiteElo "2609"]
[BlackElo "2388"]
[TimeControl "180+1"]
[EndTime "15:52:50 PDT"]
[Termination "BabageldiAnnaberdiyev won on time"]

1. e4 c5 2. Nf3 g6 3. d4 cxd4 4. Qxd4 Nf6 5. e5 Nc6 6. Qh4 Nd5 7. Bc4 Nb6 8. Bb3 Bg7 9. Bh6 Bxh6 10. Qxh6 Na5 11. Qg7 Rf8 12. Ng5 e6 13. Nxh7 Qe7 14.
Qxf8+ Qxf8 15. Nxf8 Kxf8 16. Nc3 Nac4 17. Bxc4 Nxc4 18.
f4 Nxb2 19. Ne4 b6 20. Nd6 Ba6 21. h4 Nc4 22. O-O-O Ne3 23. Rd2 Nd5 24. g3 Kg7 25. h5 Rh8 26. Rdh2 gxh5 27. Rxh5 Rxh5 28. Rxh5 Ne3 29.
Rg5+ Kf8 30. g4 Nd5 31. f5 Be2 32. f6 Nb4 33. Rg7 Nc6 34. Rxf7+ Kg8 35. Rg7+ 1-0

[Event "Late-Titled-Tuesday-Blitz-April-16-2024"]
[Site "Chess.com"]
[Date "2024.04.16"]
[Round "10"]
[White "AlexeiShirov"]
[Black "TangerineandLemon25"]
[Result "1-0"]
[WhiteElo "2832"]
[BlackElo "2620"]
[TimeControl "180+1"]
[EndTime "15:52:52 PDT"]
[Termination "AlexeiShirov won by resignation"]

1. e4 c5 2. Nf3 d6 3. d4 cxd4 4. Nxd4 Nf6 5. Nc3 a6 6. Be3 e5 7. Nb3 Be7 8. f3 h5 9. Qd2 Be6 10. Nd5 Nxd5 11. exd5 Bf5 12. Na5 Qc7 13. Nc4 Nd7 14.
a4 O-O 15. a5 Nc5 16. Be2 e4 17. f4 Bf6 18. Ra2 h4 19. Nb6 Rad8 20. b4 Nd3+ 21.
Kf1 Bc3 22. Qd1 Nxb4 23. Ra3 Bb2 24. Rb3 Nxc2 25. Nc4 Nxe3+ 26. Nxe3 Bc8 27. Rxb2 Qxa5 28. Kf2 b5 29. Qd4 Bd7 30. Rc2 Rc8 31. Ra1 Qd8 32. Rxa6 Rxc2 33. Nxc2 Qc8 34. Ra2 Re8 35. Ne3 Qb7 36.
Ra7 Qc8 37. Qb6 h3 38. Qxd6 Rd8 39. Qc7 Qxc7 40. Rxc7 hxg2 41. Kxg2 1-0

[Event "Late-Titled-Tuesday-Blitz-April-16-2024"]
[Site "Chess.com"]
[Date "2024.04.16"]
[Round "10"]
[White "ExchangeAB"]
[Black "Sjakkerntobi"]
[Result "0-1"]
[WhiteElo "2396"]
[BlackElo "2524"]
[TimeControl "180+1"]
[EndTime "15:52:59 PDT"]
[Termination "Sjakkerntobi won by resignation"]

1. d4 d5 2. Nf3 e6 3. Bf4 Be7 4. e3 h5 5. h3 g5 6. Be5 f6 7. Bh2 g4 8. Nfd2 f5 9. Be5 Rh6 10. hxg4 hxg4 11. Rxh6 Nxh6 12. Nc3 Nd7 13. Bf4 Nf7 14.
Nb5 Nd6 15. Nxd6+ cxd6 16. c3 e5 17. Bh2 Qb6 18. Qb3 Qxb3 19. axb3 Kf7 20. c4 exd4 21. exd4 Nf6 22. cxd5 Nxd5 23. Bc4 Be6 24. O-O-O Nb4 25. Bxe6+ Kxe6 26. Re1+ Kd7 27. Kb1 b5 28. Nf1 Nd3 29.
Re2 Rc8 30. Rc2 Rxc2 31. Kxc2 Ne1+ 32. Kc3 Nxg2 33. Kb4 Kc6 34. Ka5 d5 35. Ka6 Bh4 36. Bg3 f4 37. Bxh4 Nxh4 38. Kxa7 Nf3 39. b4 Nxd4 40.
Ka6 Nf5 41. Nd2 g3 42. fxg3 fxg3 43. Nf3 d4 44. Ne5+ Kd5 45. Nf3 g2 46. Kxb5 d3 47.
Ka6 d2 48. Nxd2 g1=Q 0-1

[Event "Late-Titled-Tuesday-Blitz-April-16-2024"]
[Site "Chess.com"]
[Date "2024.04.16"]
[Round "10"]
[White "HansOnTwitch"]
[Black "Mops_2004"]
[Result "1-0"]
[WhiteElo "3147"]
[BlackElo "2824"]
[TimeControl "180+1"]
[EndTime "15:53:02 PDT"]
[Termination "HansOnTwitch won by resignation"]

1. e4 g6 2. d4 Bg7 3. Nc3 d6 4. Be2 Nc6 5. Nf3 Bg4 6. Be3 e5 7.
dxe5 dxe5 8. Qxd8+ Rxd8 9. Nd5 Rd7 10. h3 Bxf3 11. Bxf3 Nf6 12. c3 a6 13. O-O-O Nxd5 14. Rxd5 Ne7 15. Rxd7 Kxd7 16. Rd1+ Kc8 17. Be2 Rd8 18.
Bc4 Rxd1+ 19. Kxd1 f6 20. Be6+ Kd8 21. h4 Nc8 22.
Ke2 Nd6 23. Kd3 Ke7 24. Bg8 h5 25. f3 Kf8 26. Bb3 f5 27. c4 Bf6 28. c5 Nb5 29.
exf5 gxf5 30. Be6 Bxh4 31. Bxf5 Kf7 32. Bc8 1-0

[Event "Late-Titled-Tuesday-Blitz-April-16-2024"]
[Site "Chess.com"]
[Date "2024.04.16"]
[Round "10"]
[White "steepedgames"]
[Black "diokletian"]
[Result "0-1"]
[WhiteElo "2517"]
[BlackElo "2683"]
[TimeControl "180+1"]
[EndTime "15:53:06 PDT"]
[Termination "diokletian won by resignation"]

1. d4 Nf6 2. Bg5 d5 3. Bxf6 gxf6 4. c4 dxc4 5. Nc3 c5 6. d5 a6 7. a4 Nd7 8. e4 Ne5 9. f4 Nd3+ 10.
Bxd3 cxd3 11. Qxd3 Bg7 12. Nf3 Qc7 13. O-O Qxf4 14.
Nd4 Qe5 15. Nf5 Bxf5 16. Rxf5 Qd4+ 17. Qxd4 cxd4 18. Ne2 e5 19. Ng3 Rc8 20. Nh5 Rg8 21.
Raf1 Rc2 22. b4 Bh8 23. g3 Rg4 24. Nxf6+ Bxf6 25. Rxf6 Rc7 26. Re1 d3 27. Rh6 d2 28. Rf1 Rc1 0-1

[Event "Late-Titled-Tuesday-Blitz-April-16-2024"]
[Site "Chess.com"]
[Date "2024.04.16"]
[Round "10"]
[White "FMYiLiu"]
[Black "AlphaGoosee"]
[Result "1-0"]
[WhiteElo "2482"]
[BlackElo "2565"]
[TimeControl "180+1"]
[EndTime "15:53:09 PDT"]
[Termination "FMYiLiu won by resignation"]

1. d4 d5 2. Nf3 Nf6 3. c3 g6 4.
Bf4 Bg7 5. Nbd2 O-O 6. e3 b6 7. Ne5 Bb7 8. h4 Nbd7 9. h5 Nxh5 10. Rxh5 gxh5 11. Qxh5 f5 12. Bd3 e6 13. O-O-O Nxe5 14. dxe5 Qe8 15. Qh2 Qg6 16. g4 Kh8 17. Rg1 Qf7 18. Nf3 d4 19. Ng5 Qg8 20. exd4 Be4 21.
Nxe4 fxe4 22. Bxe4 Rxf4 23. Qxf4 Rf8 24. Qe3 Qf7 25.
Rh1 Qxf2 26. Qxf2 Rxf2 27. Bxh7 Bf8 28. Bf5+ Kg7 29. Bxe6 c5 30. Bf5 cxd4 31. cxd4 Rf4 32. d5 Kg8 33. d6 Rd4 34. Rd1 Rxd1+ 35. Kxd1 Kf7 36. Ke2 Ke8 37. Kd3 Bh6 38. Ke4 Kd8 39.
Kd5 Bf4 40. e6 Bg5 41. b4 Be7 42. dxe7+ Kxe7 43. b5 1-0

[Event "Late-Titled-Tuesday-Blitz-April-16-2024"]
[Site "Chess.com"]
[Date "2024.04.16"]
[Round "10"]
[White "xasid81"]
[Black "prochn"]
[Result "1-0"]
[WhiteElo "2667"]
[BlackElo "2454"]
[TimeControl "180+1"]
[EndTime "15:53:11 PDT"]
[Termination "xasid81 won by resignation"]

1. Nf3 d5 2. b3 c6 3. Bb2 Nf6 4. g3 Bf5 5. Bg2 e6 6. O-O Be7 7. Nh4 Bg6 8. Nxg6 hxg6 9. d3 Nbd7 10. Nd2 Qb6 11. e3 a5 12. Rb1 a4 13. c4 axb3 14.
axb3 O-O 15. d4 Ra2 16. e4 dxe4 17. Nxe4 Nxe4 18. Bxe4 Nf6 19. Bf3 Rd8 20. Kg2 c5 21.
dxc5 Bxc5 22. Qc2 Qa5 23. Rfd1 Rxd1 24. Qxd1 Qb6 25. Qc2 e5 26. Ra1 Rxa1 27. Bxa1 Bd4 28. Bxd4 Qxd4 29. Bxb7 e4 30. c5 Ng4 31. c6 Qd5 32. c7 1-0